Workbook
Name OLE_LINK1: PORTADA!$A$35

Sheet AYUDA
A1: RELLENE LOS CAMPOS EN AMARILLO DE LAS DISTINTAS PESTAÑAS
F28: ACCIÓN: | G28: A, B, C Y D. (La acción C son costes generales vinculados a los gastos contemplados en la acción A y B, en los que se establece el límite del 8% del presupuesto aprobado para la operación de inversión.)
F29: UNIDADES: | G29: unidades homogéneas, de acuerdo a la petición de oferta (en acciones A y B)
F30: FECHA PETICIÓN OFERTA: | G30: fecha de la petición de la oferta al proveedor
F31: PROVEEDOR: | G31: Nombre del proveedor
G32: 3 ofertas Proveedores distintos
F34: OFERTA ELEGIDA: | G34: Indicar el número de oferta seleccionada 1, 2 o 3
F35: OFERTAS: | G35: Nombre del archivo aportado, en formato pdf, con la/s oferta/s por cada concepto de gasto. (Según tabla)
G36: El pdf incluirá la petición de oferta y la oferta u ofertas, en caso de requerir 3
F37: JUSTIFICACIÓN TÉCNICA DE LA OFERTA: | G37: Nombre del archivo aportado, en formato pdf, en caso de justificación técnica externa: no elegir la oferta económica más ventajosa o exclusividad.
F38: OTRA DOCUMENTACIÓN: | G38: Sólo en caso de obra civil (acción A).
G39: Nombe del archivo aportado, en formato pdf, en caso de requerir: solicitudes de licencias y/o permisos/proyecto/memoria valorada.
F40: MODIFICACIONES | G40: Si después de presentar la solicitud se producen modificaciones en las inversiones solicitadas, se deberá presentar el correspondiente Anexo junto con esta excel. Se rellenarán las pestañas de las Acciones que se vayan a modificar (marcadas en rosa), copiando todos los conceptos de gasto, unidades, etc, que se solicitaron inicialmente e introducirán las modificaciones pertinentes en las columnas sombreadas en gris. Los datos a incorporar son los consolidados una vez practicada la modificación solicitada (no la modificación en sí).

Sheet PORTADA
A3: RESUMEN DE INVERSIONES Y RELACIÓN DE OFERTAS (Inicial y modificaciones) | H3: (Anexo A.7.1. del Proyecto de Inversión)
A4: Subvención para inversiones en el sector del vino
A6: NOMBRE o RAZÓN SOCIAL:
A8: NIF:
A10: TITULO DEL PROYECTO:
A12: LOCALIZACIÓN: (Provincia, Municipio)
A14: Nº EXPEDIENTE:
A16: A.- CONSTRUCCIÓN, ADQUISICIÓN O MEJORA DE BIENES INMUEBLES | D16: ='ACCIÓN A'!L45 -> 0 | F16: A.- MODIFICADA | H16: ='ACCIÓN A MODIF'!Q18 -> 0
A18: B.- COMPRA DE NUEVA MAQUINARIA Y EQUIPO | D18: ='ACCIÓN B'!L71 -> 0 | F18: B.- MODIFICADA | H18: ='ACCIÓN B MODIF'!Q18 -> 0
A20: C.-COSTES GENERALES (8%) | D20: ='ACCIÓN C'!L20 -> 0 | E20: =IF(D20>0.08*(D16+D18),"Supera 8% (O.Civil+Inversiones)","Cumple 8%") -> Cumple 8% | F20: C.- MODIFICADA | H20: ='ACCIÓN C MODIF'!Q18 -> 0 | K20: =IF(H20>0.08*(H16+H18),"Supera 8% (O.Civil+Inversiones)","Cumple 8%") -> Cumple 8% | L20: =IF(K20>0.08*(K16+K18),"Supera 8% (O.Civil+Inversiones)","Cumple 8%") -> Supera 8% (O.Civil+Inversiones) | M20: =IF(L20>0.08*(L16+L18),"Supera 8% (O.Civil+Inversiones)","Cumple 8%") -> Supera 8% (O.Civil+Inversiones)
A22: D.-ADQUISICIÓN O DESARROLLO SOPORTES LÓGICOS DE ORDENADOR Y ADQUISICIÓN DE PATENTES, MARCAS, ETC | D22: ='ACCIÓN D'!L20 -> 0 | F22: D.- MODIFICADA | H22: ='ACCIÓN D MODIF'!Q18 -> 0
A24: INVERSIÓN SOLICITADA: | D24: =D16+D18+D20+D22 -> 0 | F24: INVERSIÓN MODIFICADA: | G24: =H16+H18+H20 -> 0
A27: El responsable del tratamiento de los datos personales es la Secretaría General Técnica del Departamento de Agricultura, Ganadería y Alimentación. La finalidad de este tratamiento es la gestión de los procedimientos administrativos, incluido el económico-financiero, relacionados con las ayudas solicitadas por los interesados, así como, en su caso, la realización de estudios y estadísticas. La legitimación para realizar el tratamiento de los datos nos la da el cumplimiento de una obligación legal. Podrás ejercer tus derechos de acceso, rectificación, supresión y portabilidad de los datos o de limitación y oposición a su tratamiento, así como a no ser objeto de decisiones individuales automatizadas, a través de la sede electrónica de la Administración de la Comunidad Autónoma de Aragón con los formularios normalizados disponibles. Puedes obtener información adicional en el Registro de Actividades de Tratamiento del Gobierno de Aragón, en el siguiente enlace "SISTEMA DE AYUDAS FONDOS EUROPEOS GESTIONADAS ORGANISMO PAGADOR https://aplicaciones.aragon.es/notif_lopd_pub/details.action?fileId=99

Sheet ACCIÓN A
A1: MODERACIÓN COSTES INDUSTRIAS (SP)
A3: ANEXO XXII- RESUMEN DE INVERSIONES Y RELACIÓN DE OFERTAS
O4: =SUM(L10:L12) -> 0
B5: NIF | C5: =PORTADA!D8 -> 0 | E5: EMPRESA: | F5: =PORTADA!D6 -> 0 | I5: Nº EXPEDIENTE: | J5: =PORTADA!D14 -> 0
A7: A.- CONSTRUCCIÓN, ADQUISICIÓN O MEJORA DE BIENES INMUEBLES
A8: Concep. gasto | B8: CONCEPTO DE GASTO | C8: UNIDADES | D8: FECHA PETICIÓN OFERTA | E8: PROVEEDOR 1 | F8: IMPORTE 1 (€) | G8: PROVEEDOR 2 | H8: IMPORTE 2 (€) | I8: PROVEEDOR 3 | J8: IMPORTE 3 (€) | K8: OFERTA ELEGIDA (1,2,3) | L8: IMPORTE ELEGIDO (€) | M8: Expedientes bianuales | O8: NOMBRE DEL ARCHIVO APORTADO (PDF)
M9: IMP AÑO 1 | N9: IMP AÑO 2 | O9: OFERTAS | P9: JUSTIFICACIÓN TÉCNICA DE LA OFERTA SI NO PRESENTA TRES o NO ELIGE LA MÁS ECONÓMICA | Q9: OTRA DOCUMENTACIÓN: SOL. LICENCIA, PROY. TÉCNICO o MEMORIA VALORADA
A10: A.1 | O10: ofertaA.1.pdf
A11: A.2 | O11: ofertaA.2.pdf
A12: A.3 | O12: ofertaA.3.pdf
A13: A.4 | O13: ofertaA.4.pdf
A14: A.5 | O14: ofertaA.5.pdf
A15: A.6 | O15: ofertaA.6.pdf
A16: A.7 | O16: ofertaA.7.pdf
A17: A.8 | O17: ofertaA.8.pdf
A18: A.9 | O18: ofertaA.9.pdf
A19: A.10 | O19: ofertaA.10.pdf
A20: A.11 | O20: ofertaA.11.pdf
A21: A.12 | O21: ofertaA.12.pdf
... A44: A.35 | O44: ofertaA.35.pdf
I45: TOTAL A.- | L45: =SUM(L10:L44) -> 0 | M45: =SUM(M10:M44) -> 0 | N45: =SUM(N10:N44) -> 0

Sheet ACCIÓN B
A1: MODERACIÓN COSTES INDUSTRIAS (SP)
A3: RESUMEN DE INVERSIONES Y RELACIÓN DE OFERTAS
B5: NIF | C5: =PORTADA!D8 -> 0 | E5: EMPRESA: | F5: =PORTADA!D6 -> 0 | I5: Nº EXPEDIENTE: | J5: =PORTADA!D14 -> 0
A7: B.- COMPRA DE NUEVA MAQUINARIA Y EQUIPO
A8: Concep. gasto | B8: CONCEPTO DE GASTO | C8: UNIDADES | D8: FECHA PETICIÓN OFERTA | E8: PROVEEDOR 1 | F8: IMPORTE 1 (€) | G8: PROVEEDOR 2 | H8: IMPORTE 2 (€) | I8: PROVEEDOR 3 | J8: IMPORTE 3 (€) | K8: OFERTA ELEGIDA (1,2,3) | L8: IMPORTE ELEGIDO (€) | M8: Expedientes bianuales | O8: NOMBRE DEL ARCHIVO APORTADO (PDF)
M9: IMP AÑO 1 | N9: IMP AÑO 2 | O9: OFERTAS | P9: JUSTIFICACIÓN TÉCNICA DE LA OFERTA SI NO PRESENTA TRES o NO ELIGE LA MÁS ECONÓMICA
A10: B.1 | O10: ofertaB.1.pdf
A11: B.2 | O11: ofertaB.2.pdf
A12: B.3 | O12: ofertaB.3.pdf
A13: B.4 | O13: ofertaB.4.pdf
A14: B.5 | O14: ofertaB.5.pdf
A15: B.6 | O15: ofertaB.6.pdf
A16: B.7 | O16: ofertaB.7.pdf
A17: B.8 | O17: ofertaB.8.pdf
A18: B.9 | O18: ofertaB.9.pdf
A19: B.10 | O19: ofertaB.10.pdf
A20: B.11 | O20: ofertaB.11.pdf
A21: B.12 | O21: ofertaB.12.pdf
... A70: B.61 | O70: ofertaB.61.pdf
I71: TOTAL B.- | L71: =SUM(L10:L70) -> 0 | M71: =SUM(M10:M70) -> 0 | N71: =SUM(N10:N70) -> 0

Sheet ACCIÓN C
A1: MODERACIÓN COSTES INDUSTRIAS (SP)
A3: RESUMEN DE INVERSIONES Y RELACIÓN DE OFERTAS
B5: NIF | C5: =PORTADA!D8 -> 0 | E5: EMPRESA: | F5: =PORTADA!D6 -> 0 | I5: Nº EXPEDIENTE: | J5: =PORTADA!D14 -> 0
A7: C.- HONORARIOS Y GASTOS GENERALES (max 8% de la suma de los gastos de las acciones A y B de la operación global)
A8: Concep. gasto | B8: CONCEPTO DE GASTO | C8: UNIDADES | D8: FECHA PETICIÓN OFERTA | E8: PROVEEDOR 1 | F8: IMPORTE 1 (€) | G8: PROVEEDOR 2 | H8: IMPORTE 2 (€) | I8: PROVEEDOR 3 | J8: IMPORTE 3 (€) | K8: OFERTA ELEGIDA (1,2,3) | L8: IMPORTE ELEGIDO (€) | M8: Expedientes bianuales | O8: NOMBRE DEL ARCHIVO APORTADO (PDF)
M9: IMP AÑO 1 | N9: IMP AÑO 2 | O9: OFERTAS | P9: JUSTIFICACIÓN TÉCNICA DE LA OFERTA SI NO PRESENTA TRES o NO ELIGE LA MÁS ECONÓMICA
A10: C.1 | O10: ofertaC.1.pdf
A11: C.2 | O11: ofertaC.2.pdf
A12: C.3 | O12: ofertaC.3.pdf
A13: C.4 | O13: ofertaC.4.pdf
A14: C.5 | O14: ofertaC.5.pdf
A15: C.6 | O15: ofertaC.6.pdf
A16: C.7 | O16: ofertaC.7.pdf
A17: C.8 | O17: ofertaC.8.pdf
A18: C.9 | O18: ofertaC.9.pdf
A19: C.10 | O19: ofertaC.10.pdf
I20: TOTAL C.- | L20: =SUM(L10:L19) -> 0 | M20: =SUM(M10:M19) -> 0 | N20: =SUM(N10:N19) -> 0

Sheet ACCIÓN D
A1: MODERACIÓN COSTES INDUSTRIAS (SP)
A3: RESUMEN DE INVERSIONES Y RELACIÓN DE OFERTAS
B5: NIF | C5: =PORTADA!D8 -> 0 | E5: EMPRESA: | F5: =PORTADA!D6 -> 0 | I5: Nº EXPEDIENTE: | J5: =PORTADA!D14 -> 0
A7: D.- ADQUISICIÓN O DESARROLLO DE SOPORTES LÓGICOS DE ORDENADOR Y ADQUISICIÓN DE PATENTES, MARCAS, ETC
A8: Concep. gasto | B8: CONCEPTO DE GASTO | C8: UNIDADES | D8: FECHA PETICIÓN OFERTA | E8: PROVEEDOR 1 | F8: IMPORTE 1 (€) | G8: PROVEEDOR 2 | H8: IMPORTE 2 (€) | I8: PROVEEDOR 3 | J8: IMPORTE 3 (€) | K8: OFERTA ELEGIDA (1,2,3) | L8: IMPORTE ELEGIDO (€) | M8: Expedientes bianuales | O8: NOMBRE DEL ARCHIVO APORTADO (PDF)
M9: IMPORTE AÑO 1 | N9: IMPORTE AÑO 2 | O9: OFERTAS | P9: JUSTIFICACIÓN TÉCNICA DE LA OFERTA SI NO PRESENTA TRES o NO ELIGE LA MÁS ECONÓMICA
A10: D.1 | O10: ofertaD.1.pdf
A11: D.2 | O11: ofertaD.2.pdf
A12: D.3 | O12: ofertaD.3.pdf
A13: D.4 | O13: ofertaD.4.pdf
A14: D.5 | O14: ofertaD.5.pdf
A15: D.6 | O15: ofertaD.6.pdf
A16: D.7 | O16: ofertaD.7.pdf
A17: D.8 | O17: ofertaD.8.pdf
A18: D.9 | O18: ofertaD.9.pdf
A19: D.10 | O19: ofertaD.10.pdf
I20: TOTAL D.- | L20: =SUM(L10:L19) -> 0 | M20: =SUM(M10:M19) -> 0 | N20: =SUM(N10:N19) -> 0

Sheet ACCIÓN A MODIF
A1: A.- CONSTRUCCIÓN, ADQUISICIÓN O MEJORA DE BIENES INMUEBLES
A2: Concep. gasto | B2: CONCEPTO DE INVERSIÓN APROBADO | C2: UNIDS | D2: PROVEEDOR ELEGIDO APROBACIÓN | E2: IMPORTE ELEGIDO APROBACIÓN | F2: EXPEDIENTES BIANUALES | H2: CONCEPTO DE INVERSIÓN MODIFICADO | I2: UNIDS | J2: PROVEEDOR 1 | K2: IMPORTE 1 | L2: PROVEEDOR 2 | M2: IMPORTE 2 | N2: PROVEEDOR 3 | O2: IMPORTE 3 | P2: OFERTA ELEGIDA (1,2,3) | Q2: IMPORTE ELEGIDO MODIFICACIÓN | R2: EXPEDIENTES BIANUALES | T2: MOTIVACIÓN DE LA MODIFICACIÓN
F3: IMP. AÑO 1 | G3: IMP. AÑO 2 | R3: IMP. AÑO 1 | S3: IMP. AÑO 2
A4: A.1
A5: A.2
A6: A.3
A7: A.4
A8: A.5
A9: A.6
A10: A.7
A11: A.8
A12: A.9
A13: A.10
A14: A.11
A15: A.12
A16: A.13
D18: TOTAL A INICIAL | E18: =SUM(E4:E17) -> 0 | F18: =SUM(F4:F17) -> 0 | G18: =SUM(G4:G17) -> 0 | N18: TOTAL A MODIF.- | Q18: =SUM(Q4:Q17) -> 0 | R18: =SUM(R4:R17) -> 0 | S18: =SUM(S4:S17) -> 0

Sheet ACCIÓN B MODIF
A1: B.- COMPRA DE NUEVA MAQUINARIA Y EQUIPO
A2: Concep. gasto | B2: CONCEPTO DE INVERSIÓN APROBADO | C2: UNIDS | D2: PROVEEDOR ELEGIDO APROBACIÓN | E2: IMPORTE ELEGIDO APROBACIÓN | F2: EXPEDIENTES BIANUALES | H2: CONCEPTO DE INVERSIÓN MODIFICADO | I2: UNIDS | J2: PROVEEDOR 1 | K2: IMPORTE 1 | L2: PROVEEDOR 2 | M2: IMPORTE 2 | N2: PROVEEDOR 3 | O2: IMPORTE 3 | P2: OFERTA ELEGIDA (1,2,3) | Q2: IMPORTE ELEGIDO MODIFICACIÓN | R2: EXPEDIENTES BIANUALES | T2: MOTIVACIÓN DE LA MODIFICACIÓN
F3: IMP. AÑO 1 | G3: IMP. AÑO 2 | R3: IMP. AÑO 1 | S3: IMP. AÑO 2
A4: B.1
A5: B.2
A6: B.3
A7: B.4
A8: B.5
A9: B.6
A10: B.7
A11: B.8
A12: B.9
A13: B.10
A14: B.11
A15: B.12
A16: B.13
D18: TOTAL B INICIAL | E18: =SUM(E4:E17) -> 0 | F18: =SUM(F4:F17) -> 0 | G18: =SUM(G4:G17) -> 0 | N18: TOTAL B MODIF.- | Q18: =SUM(Q4:Q17) -> 0 | R18: =SUM(R4:R17) -> 0 | S18: =SUM(S4:S17) -> 0

Sheet ACCIÓN C MODIF
A1: C.- HONORARIOS Y GASTOS GENERALES (max 8% de la suma de los gastos de las acciones A y B de la operación global)
A2: Concep. gasto | B2: CONCEPTO DE INVERSIÓN APROBADO | C2: UNIDS | D2: PROVEEDOR ELEGIDO APROBACIÓN | E2: IMPORTE ELEGIDO APROBACIÓN | F2: EXPEDIENTES BIANUALES | H2: CONCEPTO DE INVERSIÓN MODIFICADO | I2: UNIDS | J2: PROVEEDOR 1 | K2: IMPORTE 1 | L2: PROVEEDOR 2 | M2: IMPORTE 2 | N2: PROVEEDOR 3 | O2: IMPORTE 3 | P2: OFERTA ELEGIDA (1,2,3) | Q2: IMPORTE ELEGIDO MODIFICACIÓN | R2: EXPEDIENTES BIANUALES | T2: MOTIVACIÓN DE LA MODIFICACIÓN
F3: IMP. AÑO 1 | G3: IMP. AÑO 2 | R3: IMP. AÑO 1 | S3: IMP. AÑO 2
A4: C.1
A5: C.2
A6: C.3
A7: C.4
A8: C.5
A9: C.6
A10: C.7
A11: C.8
A12: C.9
A13: C.10
A14: C.11
A15: C.12
A16: C.13
D18: TOTAL C INICIAL | E18: =SUM(E4:E17) -> 0 | F18: =SUM(F4:F17) -> 0 | G18: =SUM(G4:G17) -> 0 | N18: TOTAL C MODIF.- | Q18: =SUM(Q4:Q17) -> 0 | R18: =SUM(R4:R17) -> 0 | S18: =SUM(S4:S17) -> 0

Sheet ACCIÓN D MODIF
A1: D.- ADQUISICIÓN O DESARROLLO DE SOPORTES LÓGICOS DE ORDENADOR Y ADQUISICIÓN DE PATENTES, MARCAS, ETC
A2: Concep. gasto | B2: CONCEPTO DE INVERSIÓN APROBADO | C2: UNIDS | D2: PROVEEDOR ELEGIDO APROBACIÓN | E2: IMPORTE ELEGIDO APROBACIÓN | F2: EXPEDIENTES BIANUALES | H2: CONCEPTO DE INVERSIÓN MODIFICADO | I2: UNIDS | J2: PROVEEDOR 1 | K2: IMPORTE 1 | L2: PROVEEDOR 2 | M2: IMPORTE 2 | N2: PROVEEDOR 3 | O2: IMPORTE 3 | P2: OFERTA ELEGIDA (1,2,3) | Q2: IMPORTE ELEGIDO MODIFICACIÓN | R2: EXPEDIENTES BIANUALES | T2: MOTIVACIÓN DE LA MODIFICACIÓN
F3: IMP. AÑO 1 | G3: IMP. AÑO 2 | R3: IMP. AÑO 1 | S3: IMP. AÑO 2
A4: D.1
A5: D.2
A6: D.3
A7: D.4
A8: D.5
A9: D.6
A10: D.7
A11: D.8
A12: D.9
A13: D.10
A14: D.11
A15: D.12
A16: D.13
D18: TOTAL D INICIAL | E18: =SUM(E4:E17) -> 0 | F18: =SUM(F4:F17) -> 0 | G18: =SUM(G4:G17) -> 0 | N18: TOTAL D MODIF.- | Q18: =SUM(Q4:Q17) -> 0 | R18: =SUM(R4:R17) -> 0 | S18: =SUM(S4:S17) -> 0
